 Dungeon Crawl Stone Soup version 0.32-a0-791-gfc315c9ecd (webtiles) character file.

Game seed: 242151130522184975

1707 BelalofOrCorn the Fighter (level 9, -5/72 HPs)
             Began as an Octopode Brigand on Mar 20, 2024.
             Was a Follower of Uskayaw.
             Slain by a killer bee (7 damage)
             ... on level 7 of the Dungeon.
             The game lasted 00:21:56 (7316 turns).

BelalofOrCorn the Fighter (Octopode Brigand)        Turns: 7316, Time: 00:21:58

Health: -5/72      AC:  1    Str: 14    XL:     9   Next: 3%
Magic:  9/9        EV: 15    Int: 13    God:    Uskayaw [*.....]
Gold:   307        SH:  0    Dex: 14    Spells: 8/8 levels left

rFire   . . .        l - +3 short sword
rCold   . . .        (no shield)
rNeg    . . .        (helmet restricted)
rPois   .            (no amulet)
rElec   .            (no ring)
rCorr   .            (no ring)
SInv    .            (no ring)
Will    +....        (no ring)
Stlth   ++++         (no ring)
HPRegen 0.32/turn    (no ring)
MPRegen 0.11/turn    (no ring)
                     (no ring)

%: no passive effects
@: lethally poisoned (-5 -> -19), enlightened, flying
A: almost no armour, amphibious, 8 rings, camouflage 1, gelatinous body 1,
(nimble swimmer 1), tentacles, robust 1, wild magic 2
a: Renounce Religion, Stomp


You were on level 7 of the Dungeon.
You worshipped Uskayaw.
Uskayaw was noncommittal.
You visited 2 branches of the dungeon, and saw 8 of its levels.

You collected 307 gold pieces.

Inventory:

Hand Weapons
 l - a +3 short sword (weapon)
 w - a +0 rapier
Missiles
 b - 19 poisoned darts (quivered)
 c - 3 curare-tipped darts
 A - 2 atropa-tipped darts
Wands
 e - a wand of mindburst (11)
 x - a wand of iceblast (9)
 y - a wand of flame (19)
Scrolls
 a - 2 scrolls of teleportation {unknown}
 d - a scroll of amnesia {unknown}
 f - a scroll of silence {unknown}
 g - a scroll of enchant weapon {unknown}
 h - a scroll of acquirement {unknown}
 i - a scroll of blinking {unknown}
 j - 2 scrolls of poison {unknown}
 m - 4 scrolls of fog
 n - a scroll of vulnerability {unknown}
 o - 2 scrolls of summoning {unknown}
 s - a scroll of brand weapon {unknown}
 v - a scroll of torment {unknown}
 z - a scroll of immolation {unknown}
 B - a scroll of revelation {unknown}
Potions
 k - a potion of haste {unknown}
 p - 2 potions of brilliance
 r - 2 potions of magic


   Skills:
 + Level 8.1 Fighting
 - Level 2.0 Short Blades
 - Level 2.0 Throwing
 - Level 8.0 Dodging
 - Level 5.3 Stealth
 + Level 1.1 Invocations


You had 8 spell levels left.
You didn't know any spells.
Your spell library contained the following spells:

 Spells                   Type           Power      Damage    Failure   Level
 Kiss of Death            Conj/Necr      0%         2d5       47%         1
 Confusing Touch          Hex            0%         N/A       82%         3
 Gell's Gravitas          Tloc           0%         N/A       82%         3
 Teleport Other           Tloc           0%         N/A       82%         3
 Dispel Undead            Necr           0%         3d6       99%         4
 Dispersal                Tloc           0%         N/A       100%        6


Dungeon Overview and Level Annotations

Branches:
Dungeon (7/15)             Temple (1/1) D:4

Altars:
Ashenzari
Dithmenos
Elyvilon
Fedhas
Gozag
Hepliaklqana
Kikubaaqudgha
Nemelex Xobeh
Okawaru
Ru
Sif Muna
Trog
Uskayaw
Vehumet
Zin
The Shining One

Shops:
D:2 *   D:3 :

Annotations:
D:1 2 transporters
D:5 1 runed translucent door, Crazy Yiuf


Innate Abilities, Weirdness & Mutations

You cannot wear most types of armour.
You are amphibious.
You can wear up to eight rings at the same time.
Your skin changes colour to match your surroundings (Stealth+).
Your rubbery body absorbs attacks. (AC +1, EV +1)
((You are camouflaged when in or above water. (Stealth+)))
You have tentacles for arms and can constrict up to eight enemies at once.
You are robust. (+10% HP)
Your spells are harder to cast, but more powerful.


Message History

* * * LOW HITPOINT WARNING * * *
You are lethally poisoned!
The killer bee poisons you!
There is a stone staircase leading up, spattered with blood here.
It was a potion of heal wounds.
You feel much better.
You feel very sick. The killer bee stings you.
You are more poisoned.
The killer bee poisons you! The killer bee stings you.
The killer bee stings you!
You are lethally poisoned!
The killer bee poisons you! The killer bee misses you.
The killer bee stings you!
* * * LOW HITPOINT WARNING * * *
The killer bee closely misses you. The killer bee misses you.
The killer bee stings you.
* * * LOW HITPOINT WARNING * * *
You feel much better.
You feel extremely sick. The killer bee closely misses you.
The killer bee stings you. x2
The killer bee stings you!
* * * LOW HITPOINT WARNING * * *
The killer bee completely misses you. The killer bee stings you.
* * * LOW HITPOINT WARNING * * *
The killer bee misses you. The killer bee barely misses you.
It was a potion of mutation.
You feel extremely strange.
You feel less in control of your magic. x2; You feel robust.
* * * LOW HITPOINT WARNING * * *
You feel very sick. The killer bee completely misses you.
The killer bee closely misses you. x2
The killer bee misses you. x2; The killer bee barely misses you. x2
The killer bee closely misses you.
It was a potion of enlightenment.
You feel very buoyant.
You fly up into the air.
* * * LOW HITPOINT WARNING * * *
You feel very sick. The killer bee stings you!
You die...
Your body falls in perfect tune with the rhythm.

###### $.
....... !#.#
####....... ....
.......... #..
###.........
#..y .....#.....
#...###yy....#
#.(....y@#
##....†yy#
#..#####...#
#..##...##......
#..
#.###.##..... ..
#.....$~ #..#.
#ß...~$.~ß##...
#..#o###.#~. #..
...c##h##.~.. #.


You could see 5 killer bees and an orc (asleep).

Vanquished Creatures
  2 water moccasins
  An ice beast (D:6)
  2 black bears
  A sky beast (D:6)
  An ogre (D:6)
  2 phantoms
  A kobold brigand (D:5)
  5 scorpions
  A killer bee (D:7)
  2 electric eels (D:4)
  A bombardier beetle (D:5)
  An orc priest (D:4)
  A hound (D:4)
  An iguana (D:3)
  2 sleepcaps
  12 adders
  A white imp (D:6)
  2 ufetubi (D:6)
  2 dart slugs
  20 orcs
  19 bats
  10 endoplasms
  8 giant cockroaches
  8 goblins
  6 hobgoblins
  4 jackals (D:4)
  7 kobolds
  2 quokkas
  4 ball pythons
  5 frilled lizards
  2 rats
136 creatures vanquished.

Notes
Turn   | Place    | Note
-------+----------+-------------------------------------------
     0 | D:1      | BelalofOrCorn the Octopode Brigand began the quest for the
                  | Orb.
     0 | D:1      | Reached XP level 1. HP: 14/14 MP: 1/1
   179 | D:1      | Reached XP level 2. HP: 10/20 MP: 2/2
   653 | D:1      | Reached XP level 3. HP: 26/26 MP: 3/3
  1181 | D:2      | Found a faded altar of an unknown god.
  1196 | D:2      | Found Bekhod's Assorted Antiques.
  1352 | D:2      | Reached XP level 4. HP: 33/33 MP: 4/4
  1973 | D:3      | Found Teroc's Book Boutique.
  1975 | D:3      | Noticed a phantom
  2380 | D:4      | Reached skill level 5 in Fighting
  2380 | D:4      | Reached XP level 5. HP: 22/39 MP: 5/5
  2504 | D:4      | Found a transporter.
  2660 | D:4      | Found a transporter.
  2706 | D:4      | Found a staircase to the Ecumenical Temple.
  2718 | Temple   | Entered the Ecumenical Temple
  2772 | Temple   | Became a worshipper of Uskayaw the Reveller
  2880 | D:4      | Reached * piety under Uskayaw
  2882 | D:4      | Reached ** piety under Uskayaw
  2924 | D:4      | Reached XP level 6. HP: 32/45 MP: 6/6
  3520 | D:4      | Noticed a black bear
  3553 | D:4      | Killed a black bear
  3554 | D:4      | Reached skill level 5 in Dodging
  3556 | D:4      | Reached XP level 7. HP: 50/50 MP: 7/7
  4653 | D:5      | Entered Level 5 of the Dungeon
  4696 | D:5      | Reached *** piety under Uskayaw
  4778 | D:5      | Found the +11 Singing Sword {sonic wave}
  4801 | D:5      | Reached XP level 8. HP: 55/58 MP: 8/8
  4943 | D:5      | Found a sparkling altar of Nemelex Xobeh.
  5154 | D:5      | Found a runed translucent door.
  5155 | D:5      | Noticed Crazy Yiuf
  5474 | D:5      | Found a bloodstained altar of Trog.
  5611 | D:5      | Found a glowing silver altar of Zin.
  7124 | D:6      | Found a glowing golden altar of the Shining One.
  7132 | D:6      | Reached XP level 9. HP: 66/66 MP: 9/9
  7308 | D:7      | Reached skill level 1 in Invocations
  7315 | D:7      | Gained mutation: Your spells are a little harder to cast,
                  | but a little more powerful. [potion of mutation]
  7315 | D:7      | Gained mutation: Your spells are harder to cast, but more
                  | powerful. [potion of mutation]
  7315 | D:7      | Gained mutation: You are robust. (+10% HP) [potion of
                  | mutation]
  7316 | D:7      | HP: 2/72 [poisoned by a killer bee]
  7316 | D:7      | Slain by a killer bee

Illustrated notes

Levels and vault maps discovered:
D:1:      spicycebolla_arrival_transporter_tutorial, layout_basic,
          minmay_misc_feat_chi
D:2:      layout_basic, shapermc_ecumenical_altar_starsandcircs, serial_shops,
          shop
D:3:      layout_rooms, serial_shops, shop
D:4:      gammafunk_steamed_eel, layout_basic, minmay_temple_entry_offerings
D:5:      old_forge, layout_cave_pools, nemelex_xobeh_ov_fountains_minmay,
          nicolae_overflow_crystal_walls, kennysheep_mini,
          kennysheep_generic_room_4, uniq_crazy_yiuf_cottage
D:6:      layout_cave_pools, mainiacjoe_overflow_tiny_flanked
D:7:      lemuel_slime, layout_rooms, mainiacjoe_overflow_catwalk,
          nzn_ghost_randoct, minmay_misc_feat_square
Temple:   minmay_temple_forest_path

Skill      XL: |  1  2  3  4  5  6  7  8  9 |
---------------+----------------------------+-----
Fighting       | 3 4 5 6 8 |  8.1
Dodging        | 3 5 6 8 |  8.0
Invocations    | 1 |  1.1
Short Blades   | |  2.0
Throwing       | |  2.0
Stealth        | |  5.3

Action                     |  1- 3 |  4- 6 |  7- 9 || total
---------------------------+-------+-------+-------++-------
  Melee: Dagger            |     9 |       |       ||     9
         Constrict         |     7 |    23 |    29 ||    59
         Tentacles         |     7 |    17 |    30 ||    54
         Short sword       |    42 |    75 |   123 ||   240
  Throw: Dart              |       |     9 |    26 ||    35
  Evoke: Wand              |       |       |    10 ||    10
    Use: Scroll            |       |     5 |       ||     5
         Potion            |       |     1 |     5 ||     6
   Stab: Sleeping          |    19 |    11 |    15 ||    45
         Distracted        |       |     1 |     1 ||     2
         Paralysed         |       |       |     3 ||     3
 Armour: Skin              |    19 |    36 |    74 ||   129
  Dodge: Dodged            |    15 |    43 |    77 ||   135

Table legend: (Time is in decaauts)
 A = Elapsed time spent in this place.
 B = Non-inter-level travel time spent in this place.
 C = Inter-level travel time spent in this place.
 D = Time resting spent in this place.
 E = Time spent auto-exploring this place.
 F = Levels seen in this place.
 G = Mean time per level.
                   A        B        C        D        E       F      G
               +--------+--------+--------+--------+--------+-----+--------+
         Total |   7309 |   6960 |    349 |   2270 |   3135 |   8 |  913.6 |
       Dungeon |   7200 |   6957 |    243 |   2270 |   3135 |   7 | 1028.6 |
        Temple |    108 |      2 |    106 |      0 |      0 |   1 |  108.0 |
               +--------+--------+--------+--------+--------+-----+--------+

Top non-repeatable levels by time:
     D:4: 1757 daAuts
     D:5: 1360 daAuts
     D:6: 1293 daAuts
     D:1: 973 daAuts
     D:2: 967 daAuts
     D:3: 838 daAuts
  Temple: 108 daAuts
     D:7: 10 daAuts
